| TOP OF THE 1ST |
|
Mobile BayBears batting - Pitching for Tennessee Smokies : LHP Ricardo Saucedo
|
|
Pitching: LHP Ricardo Saucedo
|
|
|
Batting: RHB Carlos Ballesteros
|
0-0: Ball 1-0: Ground out 5-3 (Groundball, 5S, EV 90.6 MPH)
|
|
Batting: LHB Soo-yeon Kym
|
0-0: Ball 1-0: Ball 2-0: Ball 3-0: Base on Balls
|
|
Batting: RHB Josh Burrows
|
0-0: Fly out, F4 (Popup, 13S, EV 84.4 MPH)
|
|
Batting: RHB Blake Beale
|
0-0: Ball 1-0: Ball 2-0: Called Strike 2-1: Foul Ball, location: 2F 2-2: Ball 3-2: Ground out 5-3 (Groundball, 5S, EV 83.1 MPH)
|
| Top of the 1st over - 0 runs, 0 hits, 0 errors, 1 left on base; Mobile 0 - Tennessee 0 |
| BOTTOM OF THE 1ST |
|
Tennessee Smokies batting - Pitching for Mobile BayBears : RHP Sipi Mäkitie
|
|
Pitching: RHP Sipi Mäkitie
|
|
|
Batting: RHB Sam Sours
|
0-0: Foul Ball, location: 2F 0-1: Foul Ball, location: 2F 0-2: Foul Ball, location: 2F 0-2: Ball 1-2: SINGLE (Groundball, 56S, EV 75.0 MPH) (infield hit)
|
|
Batting: RHB Khalil Stephens
|
Pickoff Play to 1st, Runner tries for 2nd, OUT after rundown. 0-0: Ball 1-0: Ball 2-0: Foul Ball, location: 2F 2-1: Ground out 6-3 (Groundball, 6, EV 83.1 MPH)
|
|
Batting: RHB Brad Santanello
|
0-0: Ball 1-0: Swinging Strike 1-1: Foul Ball, location: 2F 1-2: Ball 2-2: Ground out 6-3 (Groundball, 4MS, EV 90.0 MPH)
|
| Bottom of the 1st over - 0 runs, 1 hit, 0 errors, 0 left on base; Mobile 0 - Tennessee 0 |
| TOP OF THE 2ND |
|
Mobile BayBears batting - Pitching for Tennessee Smokies : LHP Ricardo Saucedo
|
|
Batting: LHB Koson Hirai
|
0-0: Foul Ball, location: 2F 0-1: Ground out 4-3 (Groundball, 4, EV 86.9 MPH)
|
|
Batting: RHB Will Washburn
|
0-0: DOUBLE (Flyball, 78D, EV 99.4 MPH)
|
|
Batting: RHB Jeremy Adams
|
0-0: Ball 1-0: Ball 2-0: Called Strike 2-1: Swinging Strike 2-2: Ground out 6-3 (Groundball, 6, EV 84.4 MPH)
|
|
Batting: RHB Franklin Villanueva
|
0-0: Ball 1-0: Ball 2-0: Ground out 6-3 (Groundball, 6, EV 78.1 MPH)
|
| Top of the 2nd over - 0 runs, 1 hit, 0 errors, 1 left on base; Mobile 0 - Tennessee 0 |
| BOTTOM OF THE 2ND |
|
Tennessee Smokies batting - Pitching for Mobile BayBears : RHP Sipi Mäkitie
|
|
Batting: LHB Angel Oropeza
|
0-0: SOLO HOME RUN (Flyball, 89XD, EV 109.4 MPH), Distance : 418 ft
|
|
Batting: RHB David Barnard
|
0-0: Called Strike 0-1: Called Strike 0-2: Ball 1-2: Strikes out swinging
|
|
Batting: RHB Ryan Walker
|
0-0: Ball 1-0: Swinging Strike 1-1: Called Strike 1-2: Ball 2-2: Ball 3-2: Ground out U3 (Groundball, 34, EV 90.0 MPH)
|
|
Batting: RHB Armando Vilano
|
0-0: Ball 1-0: Fly out, F8 (Flyball, 89M, EV 89.4 MPH)
|
| Bottom of the 2nd over - 1 run, 1 hit, 0 errors, 0 left on base; Mobile 0 - Tennessee 1 |
| TOP OF THE 3RD |
|
Mobile BayBears batting - Pitching for Tennessee Smokies : LHP Ricardo Saucedo
|
|
Batting: RHB Curt Barrett
|
0-0: Ball 1-0: Ball 2-0: Ball 3-0: Base on Balls
|
|
Batting: RHB Carlos Ballesteros
|
0-0: Fielders Choice at 2nd, 6-4 (Groundball, 6S, EV 85.6 MPH)
|
|
Batting: LHB Soo-yeon Kym
|
0-0: Ball 1-0: Swinging Strike 1-1: Fly out, F9 (Flyball, 9S, EV 90.0 MPH)
|
|
Batting: RHB Josh Burrows
|
0-0: Ball 1-0: Ball 2-0: Ball 3-0: Called Strike 3-1: Base on Balls Carlos Ballesteros to second
|
|
Batting: RHB Blake Beale
|
0-0: Called Strike 0-1: Called Strike 0-2: Ball 1-2: Ball 2-2: Ball 3-2: Base on Balls Carlos Ballesteros to third Josh Burrows to second
|
|
Batting: LHB Koson Hirai
|
0-0: Foul Ball, location: 2F 0-1: Called Strike 0-2: Ball 1-2: Fielders Choice at 2nd, 5-4 (Groundball, 56, EV 84.4 MPH)
|
| Top of the 3rd over - 0 runs, 0 hits, 0 errors, 3 left on base; Mobile 0 - Tennessee 1 |
| BOTTOM OF THE 3RD |
|
Tennessee Smokies batting - Pitching for Mobile BayBears : RHP Sipi Mäkitie
|
|
Batting: RHB Sung-hwan Jung
|
0-0: Swinging Strike 0-1: Swinging Strike 0-2: Ball 1-2: Ball 2-2: Ground out U3 (Groundball, 3, EV 97.5 MPH)
|
|
Batting: RHB Alvaro Romero
|
0-0: Foul Ball, location: 2F 0-1: Called Strike 0-2: Strikes out swinging
|
|
Batting: RHB Sam Sours
|
0-0: Ball 1-0: Fly out, F6 (Popup, 6M, EV 58.1 MPH)
|
| Bottom of the 3rd over - 0 runs, 0 hits, 0 errors, 0 left on base; Mobile 0 - Tennessee 1 |
| TOP OF THE 4TH |
|
Mobile BayBears batting - Pitching for Tennessee Smokies : LHP Ricardo Saucedo
|
|
Batting: RHB Will Washburn
|
0-0: Foul Ball, location: 2F 0-1: Ground out 2-3 (Groundball, 15S, EV 61.2 MPH)
|
|
Batting: RHB Jeremy Adams
|
0-0: Called Strike 0-1: Ball 1-1: Foul Ball, location: 2F 1-2: Fly out, F4 (Popup, 34, EV 64.4 MPH)
|
|
Batting: RHB Franklin Villanueva
|
0-0: Foul Ball, location: 2F 0-1: Foul Ball, location: 2F 0-2: Ball 1-2: Foul Ball, location: 2F 1-2: Strikes out swinging
|
| Top of the 4th over - 0 runs, 0 hits, 0 errors, 0 left on base; Mobile 0 - Tennessee 1 |
| BOTTOM OF THE 4TH |
|
Tennessee Smokies batting - Pitching for Mobile BayBears : RHP Sipi Mäkitie
|
|
Batting: RHB Khalil Stephens
|
0-0: Ball 1-0: Ball 2-0: Called Strike 2-1: Ball 3-1: Fly out, F4 (Line Drive, 4, EV 67.5 MPH)
|
|
Batting: RHB Brad Santanello
|
0-0: Swinging Strike 0-1: Fly out, F4 (Flyball, 4MD, EV 88.8 MPH)
|
|
Batting: LHB Angel Oropeza
|
0-0: Ball 1-0: Foul Ball, location: 2F 1-1: Foul Ball, location: 2F 1-2: Foul Ball, location: 2F 1-2: Strikes out swinging
|
| Bottom of the 4th over - 0 runs, 0 hits, 0 errors, 0 left on base; Mobile 0 - Tennessee 1 |
| TOP OF THE 5TH |
|
Mobile BayBears batting - Pitching for Tennessee Smokies : LHP Ricardo Saucedo
|
|
Batting: RHB Curt Barrett
|
0-0: Foul Ball, location: 2F 0-1: Swinging Strike 0-2: Ground out 6-3 (Groundball, 6, EV 88.8 MPH)
|
|
Batting: RHB Carlos Ballesteros
|
0-0: Called Strike 0-1: Ball 1-1: Ball 2-1: Called Strike 2-2: Foul Ball, location: 2F 2-2: Ball 3-2: Base on Balls
|
|
Batting: LHB Soo-yeon Kym
|
0-0: Swinging Strike 0-1: SINGLE (Groundball, 5D, EV 94.4 MPH) Carlos Ballesteros to second
|
|
Batting: RHB Josh Burrows
|
0-0: Called Strike 0-1: Swinging Strike 0-2: Ball 1-2: Fly out, F7 (Line Drive, 7, EV 91.9 MPH)
|
|
Batting: RHB Blake Beale
|
0-0: Fly out, F8 (Line Drive, 78M, EV 88.8 MPH)
|
| Top of the 5th over - 0 runs, 1 hit, 0 errors, 2 left on base; Mobile 0 - Tennessee 1 |
| BOTTOM OF THE 5TH |
|
Tennessee Smokies batting - Pitching for Mobile BayBears : RHP Sipi Mäkitie
|
|
Batting: RHB David Barnard
|
0-0: Fly out, F4 (Line Drive, 4, EV 61.2 MPH)
|
|
Batting: RHB Ryan Walker
|
0-0: Called Strike 0-1: Foul Ball, location: 2F 0-2: Ball 1-2: Fly out, F9 (Flyball, 89M, EV 76.9 MPH)
|
|
Batting: RHB Armando Vilano
|
0-0: Ball 1-0: Ground out 6-3 (Groundball, 6, EV 111.2 MPH)
|
| Bottom of the 5th over - 0 runs, 0 hits, 0 errors, 0 left on base; Mobile 0 - Tennessee 1 |
| TOP OF THE 6TH |
|
Mobile BayBears batting - Pitching for Tennessee Smokies : LHP Ricardo Saucedo
|
|
Batting: LHB Koson Hirai
|
0-0: Called Strike 0-1: Ball 1-1: Foul Ball, location: 2F 1-2: Foul Ball, location: 2F 1-2: Ball 2-2: Foul Ball, location: 2F 2-2: DOUBLE (Flyball, 78XD, EV 99.4 MPH)
|
|
Pitching: LHP Nate George
|
|
|
Batting: RHB Will Washburn
|
0-0: Ball 1-0: Ball 2-0: Called Strike 2-1: Foul Ball, location: 2F 2-2: Strikes out swinging
|
|
Batting: RHB Jeremy Adams
|
0-0: Ground out 5-3 (Groundball, 56, EV 75.6 MPH)
|
|
Batting: RHB Franklin Villanueva
|
0-0: Ball 1-0: Called Strike 1-1: Swinging Strike 1-2: Ball Wild Pitch! Koson Hirai to third 2-2: Ball 3-2: Foul Ball, location: 2F 3-2: SINGLE (Groundball, 6MD, EV 106.2 MPH) Koson Hirai scores
|
|
Batting: RHB Curt Barrett
|
0-0: Ball 1-0: Ball 2-0: Ground out U3 (Groundball, 3S, EV 85.6 MPH)
|
| Top of the 6th over - 1 run, 2 hits, 0 errors, 1 left on base; Mobile 1 - Tennessee 1 |
| BOTTOM OF THE 6TH |
|
Tennessee Smokies batting - Pitching for Mobile BayBears : RHP Sipi Mäkitie
|
|
Batting: RHB Sung-hwan Jung
|
0-0: SINGLE (Groundball, 34D, EV 106.9 MPH)
|
|
Batting: RHB Alvaro Romero
|
0-0: Grounds into double play, 5-4-3 (Groundball, 56, EV 86.9 MPH)
|
|
Batting: RHB Sam Sours
|
0-0: Ball 1-0: Ball 2-0: Foul Ball, location: 2F 2-1: Ball 3-1: SINGLE (Groundball, P, EV 88.1 MPH) (infield hit)
|
|
Batting: RHB Khalil Stephens
|
0-0: Called Strike Sam Sours is caught stealing 2nd base 2-4
|
| Bottom of the 6th over - 0 runs, 2 hits, 0 errors, 0 left on base; Mobile 1 - Tennessee 1 |
| TOP OF THE 7TH |
|
Mobile BayBears batting - Pitching for Tennessee Smokies : LHP Nate George
|
|
Pitching: RHP Ryan Masterson
|
|
|
Batting: RHB Carlos Ballesteros
|
0-0: Foul Ball, location: 2F 0-1: Ball 1-1: Fly out, F6 (Popup, 56D, EV 48.8 MPH)
|
|
Batting: LHB Soo-yeon Kym
|
0-0: Foul Ball, location: 2F 0-1: Ball 1-1: Ground out 4-3 (Groundball, 4D, EV 109.4 MPH)
|
|
Batting: RHB Josh Burrows
|
0-0: Ball 1-0: Ball 2-0: Called Strike 2-1: DOUBLE (Line Drive, 78D, EV 108.8 MPH)
|
|
Batting: RHB Blake Beale
|
0-0: Ball 1-0: Swinging Strike 1-1: Ball 2-1: Foul Ball, location: 2F 2-2: Ball 3-2: Base on Balls
|
|
Batting: LHB Koson Hirai
|
0-0: Ball 1-0: Ball 2-0: Called Strike 2-1: Foul Ball, location: 2F 2-2: Strikes out swinging
|
| Top of the 7th over - 0 runs, 1 hit, 0 errors, 2 left on base; Mobile 1 - Tennessee 1 |
| BOTTOM OF THE 7TH |
|
Tennessee Smokies batting - Pitching for Mobile BayBears : RHP Sipi Mäkitie
|
|
Batting: RHB Khalil Stephens
|
0-0: Fly out, F7 (Flyball, 7D, EV 106.2 MPH)
|
|
Batting: RHB Brad Santanello
|
0-0: Ball 1-0: Swinging Strike 1-1: SINGLE (Groundball, 2L, EV 66.9 MPH) (infield hit)
|
|
Batting: LHB Angel Oropeza
|
0-0: Foul Ball, location: 2F 0-1: Grounds out, U3 (Groundball, 3L, EV 101.9 MPH)
|
|
Batting: RHB David Barnard
|
0-0: Swinging Strike 0-1: Ball Wild Pitch! Brad Santanello to third 1-1: SINGLE (Line Drive, 6MD, EV 98.1 MPH) Brad Santanello scores
|
|
Batting: RHB Ryan Walker
|
0-0: Ground out 5-3 (Groundball, 5S, EV 80.6 MPH)
|
| Bottom of the 7th over - 1 run, 2 hits, 0 errors, 1 left on base; Mobile 1 - Tennessee 2 |
| TOP OF THE 8TH |
|
Mobile BayBears batting - Pitching for Tennessee Smokies : RHP Ryan Masterson
|
|
Pitching: RHP Gavrel Godziashvili
|
|
|
Now in LF: Jonathan Sotelo
|
|
|
Batting: RHB Will Washburn
|
0-0: Ball 1-0: Swinging Strike 1-1: Ball 2-1: Ball 3-1: Called Strike 3-2: Foul Ball, location: 2F 3-2: Strikes out swinging
|
|
Pinch Hitting: LHB T.J. Duvall
|
0-0: Swinging Strike 0-1: Hit by Pitch
|
|
Batting: RHB Franklin Villanueva
|
0-0: Ball 1-0: Ball 2-0: Called Strike 2-1: Foul Ball, location: 2F 2-2: Strikes out looking
|
|
Pitching: RHP Carlos Dominguez
|
|
|
Batting: RHB Curt Barrett
|
0-0: Swinging Strike 0-1: Called Strike 0-2: Strikes out swinging
|
| Top of the 8th over - 0 runs, 0 hits, 0 errors, 1 left on base; Mobile 1 - Tennessee 2 |
| BOTTOM OF THE 8TH |
|
Tennessee Smokies batting - Pitching for Mobile BayBears : RHP Sipi Mäkitie
|
|
Now at 1B: T.J. Duvall
|
|
|
Now in RF: Josh Burrows
|
|
|
Batting: RHB Armando Vilano
|
0-0: Ball 1-0: Fly out, F9 (Flyball, 9S, EV 80.0 MPH)
|
|
Batting: RHB Sung-hwan Jung
|
0-0: Foul Ball, location: 2F 0-1: Foul Ball, location: 2F 0-2: Ball 1-2: Ball 2-2: Foul Ball, location: 2F 2-2: Strikes out looking
|
|
Batting: RHB Alvaro Romero
|
0-0: Called Strike 0-1: Ball 1-1: Ground out U3 (Groundball, 34, EV 78.8 MPH)
|
| Bottom of the 8th over - 0 runs, 0 hits, 0 errors, 0 left on base; Mobile 1 - Tennessee 2 |
| TOP OF THE 9TH |
|
Mobile BayBears batting - Pitching for Tennessee Smokies : RHP Carlos Dominguez
|
|
Batting: RHB Carlos Ballesteros
|
0-0: Called Strike 0-1: Ball 1-1: Swinging Strike 1-2: Foul Ball, location: 2F 1-2: Ball 2-2: Ball 3-2: Strikes out swinging
|
|
Batting: LHB Soo-yeon Kym
|
0-0: Called Strike 0-1: SINGLE (Groundball, 4MD, EV 101.9 MPH)
|
|
Batting: RHB Josh Burrows
|
0-0: Called Strike 0-1: Ball 1-1: Ball 2-1: Swinging Strike 2-2: SINGLE (Flyball, 78S, EV 89.4 MPH) Soo-yeon Kym to second
|
|
Batting: RHB Blake Beale
|
0-0: Ball 1-0: Foul Ball, location: 2F 1-1: Ball 2-1: SINGLE (Groundball, 6MS, EV 72.5 MPH) (infield hit) Soo-yeon Kym to third Josh Burrows to second
|
|
Batting: LHB Koson Hirai
|
0-0: Ball 1-0: Foul Ball, location: 2F 1-1: Called Strike 1-2: Foul Ball, location: 2F 1-2: Ball 2-2: SINGLE (Line Drive, 4MD, EV 93.8 MPH) Soo-yeon Kym scores Josh Burrows to third Blake Beale to second
|
|
Batting: RHB Will Washburn
|
0-0: Called Strike 0-1: Called Strike 0-2: Strikes out looking
|
|
Pitching: RHP Karl Stuart
|
|
|
Batting: LHB T.J. Duvall
|
0-0: Foul Ball, location: 2F 0-1: Foul Ball, location: 2F 0-2: Foul Ball, location: 2F 0-2: Foul Ball, location: 2F 0-2: Fly out, F7 (Flyball, 7LS, EV 86.9 MPH)
|
| Top of the 9th over - 1 run, 4 hits, 0 errors, 3 left on base; Mobile 2 - Tennessee 2 |
| BOTTOM OF THE 9TH |
|
Tennessee Smokies batting - Pitching for Mobile BayBears : RHP Sipi Mäkitie
|
|
Pitching: RHP Edwin Martinez
|
|
|
Batting: RHB Sam Sours
|
0-0: Called Strike 0-1: Swinging Strike 0-2: Foul Ball, location: 2F 0-2: SINGLE (Groundball, 56S, EV 65.0 MPH) (infield hit)
|
|
Batting: RHB Khalil Stephens
|
0-0: Ball 1-0: SINGLE (Groundball, 34, EV 84.4 MPH) (infield hit) Sam Sours to second
|
|
Batting: RHB Brad Santanello
|
0-0: Ball 1-0: Called Strike 1-1: Ball 2-1: Foul Ball, location: 2F 2-2: Fielders Choice at 2nd, 5-4 (Groundball, 56, EV 78.1 MPH) Sam Sours to third
|
|
Batting: LHB Angel Oropeza
|
0-0: Foul Ball, location: 2F 0-1: Fly out, F8 (Flyball, 8RD, EV 95.0 MPH) Runner from 3rd tags up, SCORES, throw by CF
|
| Bottom of the 9th over - 1 run, 2 hits, 0 errors, 1 left on base; Mobile 2 - Tennessee 3 |
|